 Dungeon Crawl Stone Soup version 0.18.1-50-g88ac8fd (webtiles) character file.

9457 Ge0ff the Grappler (level 11, -8/109 HPs)
             Began as a Troll Monk on Oct 21, 2016.
             Was a Priest of Elyvilon.
             Mangled by a hellwing (9 damage)
             ... summoned by an orc sorcerer
             ... led by an orc high priest
             ... while paralysed by an orc sorcerer
             ... on level 2 of the Orcish Mines.
             The game lasted 00:28:49 (10242 turns).

Ge0ff the Grappler (Troll Monk)                    Turns: 10242, Time: 00:28:50

Health: -8/109     AC:  6    Str: 26    XL:     11   Next: 23%
Magic:  13/13      EV:  1    Int:  9    God:    Elyvilon [***...]
Gold:   684        SH:  0    Dex: 12    Spells: 0 memorised, 10 levels left

rFire  . . .     SeeInvis .       - Unarmed
rCold  x . .     Gourm    +     t - +0 robe "Sonnu" {+Fly rElec rC- Str+5}
rNeg   . . .     Faith    .     m - +0 shield
rPois  +         Spirit   .     (helmet restricted)
rElec  +         Dismiss  .     k - +0 cloak
rCorr  .         Reflect  .     (gloves unavailable)
SustAt .         Harm     .     (boots unavailable)
MR     .....                    B - amulet of magic regeneration
Stlth  ++........               (no ring)
                                p - ring of poison resistance

@: paralysed, not resistant to hostile enchantments, unstealthy
A: unfitting armour, claws 3, fast metabolism 3, gourmand, regeneration 2,
shaggy fur 1, tough skin 2
a: Lesser Healing, Heal Other, Purification, Divine Protection, Renounce
Religion, Evoke Flight


You were on level 2 of the Orcish Mines.
You worshipped Elyvilon.
Elyvilon was most pleased with you.
You were completely stuffed.

You visited 4 branches of the dungeon, and saw 14 of its levels.
You also visited: Bailey.

You collected 684 gold pieces.

Inventory:

Missiles
 h - 184 stones
 x - 11 tomahawks
 D - 8 tomahawks of returning (quivered)
Armour
 k - a +0 cloak (worn)
 m - a +0 shield (worn)
 t - the +0 robe "Sonnu" (worn) {+Fly rElec rC- Str+5}
   (You found it on level 9 of the Dungeon)

   It affects your strength (+5).
   It makes you vulnerable to cold.
   It insulates you from electricity.
   It lets you fly.
 O - a +2 robe
 P - a +2 robe of positive energy
Jewellery
 p - a ring of poison resistance (left claw)
 B - an amulet of magic regeneration (around neck)
Wands
 o - a wand of teleportation (2/9)
 r - a wand of heal wounds (3/9)
 I - a wand of confusion (25/48)
 N - a wand of iceblast (10/15)
Scrolls
 c - 5 scrolls of remove curse {unknown}
 d - 2 scrolls of teleportation {unknown}
 e - 3 scrolls of immolation {unknown}
 g - 4 scrolls of enchant armour {unknown}
 i - 2 scrolls of noise {unknown}
 l - 2 scrolls of recharging {unknown}
 q - 2 scrolls of fog {unknown}
 w - a scroll of random uselessness {unknown}
 y - 2 scrolls of blinking {unknown}
 z - 2 scrolls of fear
 J - a scroll of enchant weapon {unknown}
 K - a scroll of brand weapon {unknown}
 M - a scroll of acquirement {unknown}
Potions
 n - 9 potions of curing {unknown}
 s - a potion of haste
 v - 4 potions of might
 A - 2 potions of magic {unknown}
 C - a potion of beneficial mutation {unknown}
 F - a potion of cancellation {unknown}
 G - a potion of flight {unknown}
 H - a potion of ambrosia
 L - a potion of resistance
Comestibles
 a - 11 chunks of flesh
 b - 8 bread rations
 f - 2 beef jerkies
 j - 4 meat rations
 u - 11 royal jellies
 E - 7 fruits


   Skills:
 + Level 7.4 Fighting
 - Level 2.4 Dodging
 - Level 1.1 Stealth
 + Level 6.4 Shields
 * Level 12.9 Unarmed Combat
 * Level 4.2 Invocations


You had 10 spell levels left.
You didn't know any spells.

Dungeon Overview and Level Annotations

Branches:
Dungeon (10/15)            Temple (1/1) D:6            Lair (1/8) D:8
    Orc (2/2) D:9
    Elf: Orc:2

Altars:
Ashenzari
Cheibriados
Dithmenos
Elyvilon
Fedhas
Gozag
Kikubaaqudgha
Makhleb
Nemelex Xobeh
Okawaru
Pakellas
Qazlal
Ru
Sif Muna
Trog
Vehumet
Xom
Yredelemnul
Zin
The Shining One

Annotations:
D:7 exclusion: ice statue
D:10 cl


Innate Abilities, Weirdness & Mutations

You are too large for most types of armour.
You have claws for hands.
Your metabolism is lightning-fast.
You like to eat raw meat.
You heal very quickly.
You are covered in fur (AC +1).
You have very tough skin (AC +2).


Message History

The sixfirhy hits you!
* * * LOW HITPOINT WARNING * * *
The sixfirhy shocks you. You resist.
* * * LOW HITPOINT WARNING * * *
The orc sorcerer hits you but does no damage.
The orc sorcerer gestures wildly while chanting.
The orc sorcerer hits you but does no damage.
The sixfirhy hits you but does no damage.
The sixfirhy hits you!
* * * LOW HITPOINT WARNING * * *
The sixfirhy shocks you. You resist.
* * * LOW HITPOINT WARNING * * *
The orc sorcerer hits you with a dagger.
* * * LOW HITPOINT WARNING * * *
The sixfirhy hits you!
* * * LOW HITPOINT WARNING * * *
The sixfirhy shocks you. You resist.
* * * LOW HITPOINT WARNING * * *
The hellwing hits you!
You die...

(...$. ..
...... ..##
#....
....###....
..$.......
.........#
.......o4#
.......4@#
#.......##
........###
.......[#.#
...$...))##
...........#
....###.....#
...# ##.....#
... $.....#


You could see a hellwing, a sixfirhy and an orc sorcerer.

Vanquished Creatures
  Erica (D:8)
  The ghost of Schimscham the Unseen, a novice SpEn of Gozag (D:10)
  An orc knight (Bailey)
  Pikel (D:5)
  Maurice (D:9)
  A centaur zombie (D:10)
  A centaur skeleton (D:10)
  2 kobold demonologists (D:8)
  Sigmund (D:2)
  3 yaks (D:9)
  A hippogriff (D:8)
  3 hungry ghosts
  4 sky beasts
  3 slaves (D:5)
  A wasp (D:9)
  7 orc warriors
  2 ice beasts (D:7)
  A necrophage (D:8)
  3 ogres
  2 phantoms
  5 centaurs
  A big kobold (D:7)
  3 giant frogs
  3 gnoll sergeants
  A wyvern skeleton (D:10)
  2 scorpions
  5 howler monkeys
  A crimson imp (D:6)
  5 hounds
  3 jellies (D:8)
  7 orc priests
  10 orc wizards
  3 giant frog skeletons
  3 iguanas
  A gnoll shaman (D:4)
  Ijyb (D:3)
  Natasha (thrice) (D:2)
  Terence (D:2)
  5 worker ants
  2 hound skeletons
  A mummy (D:9)
  23 gnolls
  11 adders
  4 shadow imps
  5 oozes (D:8)
  2 worms
  A dart slug (D:3)
  7 giant geckos
  60 orcs
  3 giant cockroaches
  11 goblins
  11 hobgoblins
  17 jackals
  28 kobolds
  5 quokkas
  2 ball pythons
  4 bats
  A giant gecko zombie (D:5)
  5 giant newts
  A quokka zombie (D:5)
  9 rats
  A bush (D:3)
317 creatures vanquished.

Vanquished Creatures (others)
  An ice beast (D:5)
1 creature vanquished.

Grand Total: 318 creatures vanquished

Notes
Turn   | Place    | Note
--------------------------------------------------------------
     0 | D:1      | Ge0ff the Troll Monk began the quest for the Orb.
     0 | D:1      | Reached XP level 1. HP: 22/22 MP: 0/0
   356 | D:1      | Reached XP level 2. HP: 28/29 MP: 1/1
   449 | D:2      | Noticed Terence
   455 | D:2      | Killed Terence
   455 | D:2      | Reached skill level 5 in Unarmed Combat
   455 | D:2      | Reached XP level 3. HP: 36/36 MP: 2/2
   591 | D:1      | Found a shimmering altar of Xom.
   824 | D:2      | Noticed Sigmund
   836 | D:2      | Killed Sigmund
   836 | D:2      | Reached skill level 6 in Unarmed Combat
   836 | D:2      | Reached XP level 4. HP: 38/44 MP: 3/3
   836 | D:2      | Reached XP level 5. HP: 43/50 MP: 4/4
   987 | D:2      | Noticed Natasha
   996 | D:2      | Killed Natasha
   996 | D:2      | Reached skill level 7 in Unarmed Combat
  1179 | D:2      | Noticed Natasha
  1181 | D:2      | Killed Natasha
  1181 | D:2      | Reached XP level 6. HP: 53/59 MP: 5/5
  1201 | D:2      | Noticed Natasha
  1210 | D:2      | Killed Natasha
  1427 | D:2      | Found a glowing golden altar of the Shining One.
  1429 | D:2      | Noticed an angel
  1441 | D:2      | Found a basalt altar of Yredelemnul.
  1443 | D:2      | Noticed a profane servitor
  2429 | D:3      | Noticed Ijyb
  2434 | D:3      | Killed Ijyb
  2740 | D:4      | Reached XP level 7. HP: 66/67 MP: 6/6
  2753 | D:4      | Found a sacrificial altar of Ru.
  2787 | D:4      | Reached skill level 1 in Shields
  2787 | D:4      | Reached skill level 8 in Unarmed Combat
  2909 | D:4      | Found an opulent altar of Gozag.
  3722 | D:5      | Entered Level 5 of the Dungeon
  3920 | D:5      | Reached skill level 9 in Unarmed Combat
  3920 | D:5      | Reached XP level 8. HP: 60/78 MP: 7/7
  4131 | D:5      | Noticed Pikel
  4155 | D:5      | Killed Pikel
  4202 | D:5      | Found a glowing golden altar of the Shining One.
  4426 | D:5      | Reached skill level 10 in Unarmed Combat
  4753 | D:5      | Reached skill level 5 in Fighting
  4971 | D:7      | Reached XP level 9. HP: 63/88 MP: 8/8
  5249 | D:6      | Gained mutation: Your system is resistant to poisons. [potion of mutation]
  5249 | D:6      | Gained mutation: Your body sometimes deteriorates upon taking damage. [potion of mutation]
  5249 | D:6      | Gained mutation: Your magical capacity is low (-10% MP). [potion of mutation]
  5454 | D:6      | Found a staircase to the Ecumenical Temple.
  5461 | Temple   | Entered the Ecumenical Temple
  5670 | D:6      | You fall through a shaft!
  5987 | D:7      | Reached skill level 11 in Unarmed Combat
  6538 | D:7      | Noticed an ice statue
  6890 | D:8      | Found a flagged portal.
  6900 | D:8      | Reached skill level 5 in Shields
  6908 | Bailey   | Entered a bailey
  6913 | Bailey   | Noticed an orc warlord
  7016 | Bailey   | Found a runed gate.
  7017 | Bailey   | Found a runed gate.
  7022 | Bailey   | Found a runed gate.
  7022 | Bailey   | Noticed an orc knight
  7026 | Bailey   | Lost mutation: Your system is resistant to poisons. [potion of cure mutation]
  7026 | Bailey   | Lost mutation: Your magical capacity is low (-10% MP). [potion of cure mutation]
  7026 | Bailey   | Lost mutation: Your body sometimes deteriorates upon taking damage. [potion of cure mutation]
  7050 | Bailey   | Killed an orc knight
  7050 | Bailey   | Reached XP level 10. HP: 53/98 MP: 9/9
  7402 | Bailey   | Identified the Grimoire of Doomed Ignition (You found it in a bailey)
  7514 | D:8      | Noticed Erica
  7521 | D:8      | Killed Erica
  7617 | D:8      | Found a deep blue altar of Sif Muna.
  7714 | D:8      | Found a burning altar of Makhleb.
  7722 | D:8      | Reached skill level 12 in Unarmed Combat
  7899 | D:8      | Found a white marble altar of Elyvilon.
  7913 | D:8      | Became a worshipper of Elyvilon the Healer
  7913 | D:8      | Reached * piety under Elyvilon
  7913 | D:8      | Reached ** piety under Elyvilon
  7935 | D:8      | Found a staircase to the Lair.
  7969 | Lair:1   | Entered Level 1 of the Lair of Beasts
  8172 | D:9      | Reached skill level 1 in Invocations
  8207 | D:9      | Found a snail-covered altar of Cheibriados.
  8229 | D:9      | Noticed Maurice
  8241 | D:9      | Killed Maurice
  8345 | D:9      | Got a heavy robe
  8356 | D:9      | Identified the +0 robe "Sonnu" {+Fly rElec rC- Str+5} (You found it on level 9 of the Dungeon)
  8554 | D:9      | Found an ancient bone altar of Kikubaaqudgha.
  8561 | D:9      | Found a blossoming altar of Fedhas.
  8564 | D:9      | Found a shadowy altar of Dithmenos.
  8567 | D:9      | Found a glowing silver altar of Zin.
  8771 | D:9      | Reached *** piety under Elyvilon
  8787 | D:9      | Found a staircase to the Orcish Mines.
  8964 | D:10     | Entered Level 10 of the Dungeon
  9157 | D:10     | Noticed Schimscham's ghost (novice SpEn)
  9214 | D:10     | Killed Schimscham's ghost
  9214 | D:10     | Reached XP level 11. HP: 56/109 MP: 12/12
  9408 | D:10     | Found a shattered altar of Ashenzari.
 10004 | Orc:1    | Entered Level 1 of the Orcish Mines
 10099 | Orc:1    | Noticed an orc sorcerer
 10099 | Orc:1    | Noticed an orc sorcerer
 10101 | Orc:1    | Noticed an orc high priest
 10109 | Orc:2    | Entered Level 2 of the Orcish Mines
 10237 | Orc:2    | Paralysed by an orc sorcerer for 7 turns
 10242 | Orc:2    | HP: 4/109 [sixfirhy[an orc high priest] (12)]
 10242 | Orc:2    | HP: 1/109 [sixfirhy[an orc high priest] (3)]
 10242 | Orc:2    | Mangled by a hellwing

Skill      XL: |  1  2  3  4  5  6  7  8  9 10 11 |
---------------+----------------------------------+-----
Unarmed Combat | 5 6 7 9 10 11 12 | 12.9
Fighting       | 3 5 6 7 |  7.4
Shields        | 2 3 5 6 |  6.4
Invocations    | 3 4 |  4.2
Dodging        | |  2.4
Stealth        | |  1.1

Action                   |  1- 3 |  4- 6 |  7- 9 | 10-12 || total
-------------------------+-------+-------+-------+-------++-------
Melee: Unarmed           |    46 |   173 |   399 |   252 ||   870
       Punch             |     1 |     8 |     9 |       ||    18
Throw: Stone             |    13 |   113 |   208 |       ||   334
       Tomahawk          |       |       |     1 |   107 ||   108
Invok: Purification      |       |       |       |     3 ||     3
Evoke: Wand              |       |       |     2 |     1 ||     3
  Use: Scroll            |       |       |     6 |     2 ||     8
       Potion            |       |       |     5 |     1 ||     6
 Stab: Sleeping          |       |     1 |     1 |       ||     2
       Paralysed         |       |       |     1 |       ||     1
  Eat: Chunk             |    13 |    18 |    46 |    32 ||   109
Armor: Robe              |    10 |    35 |    58 |    53 ||   156
Dodge: Dodged            |    18 |    51 |   139 |    80 ||   288
Block: Shield            |       |       |    43 |   107 ||   150
